 Dungeon Crawl Stone Soup version 0.28-a0-479-g5baa6b73be (webtiles) character file.

Game seed: 12278086221553394518

32 Dabor the Conjurer (level 2, 0/20 HPs)
             Began as a Demigod Conjurer on Sept 18, 2021.
             Slain by a jackal (2 damage)
             ... on level 2 of the Dungeon.
             The game lasted 00:03:08 (1485 turns).

Dabor the Conjurer (Demigod Conjurer)               Turns: 1485, Time: 00:03:09

Health: 0/20       AC:  8    Str:  8    XL:     2   Next: 93%
Magic:  3/7        EV: 12    Int: 20    God:
Gold:   31         SH:  0    Dex: 18    Spells: 4/5 levels left

rFire   . . .      SeeInvis .   (no weapon)
rCold   . . .      Faith    .   (no shield)
rNeg    . . .      Spirit   .   a - +0 robe
rPois   .          Reflect  .   b - +1 helmet
rElec   .          Harm     .   (no cloak)
rCorr   .          Rampage  .   (no gloves)
Will    .....                   (no boots)
Stlth   ++........              (no amulet)
HPRegen 0.06/turn               f - +4 ring of protection
MPRegen 0.10/turn               i - +6 ring of dexterity

@: very slightly contaminated
A: high mp 1, forlorn
a: no special abilities


You were on level 2 of the Dungeon.
You visited 1 branch of the dungeon, and saw 2 of its levels.

You collected 31 gold pieces.

Inventory:

Armour
 a - a +0 robe (worn)
 b - a +1 helmet (worn)
Jewellery
 f - a +4 ring of protection (left hand)
 i - a +6 ring of dexterity (right hand)
Scrolls
 e - a scroll of identify
Potions
 c - a potion of cancellation


   Skills:
 * Level 2.2 Dodging
 + Level 2.1 Stealth
 * Level 2.1 Spellcasting
 + Level 3.8 Conjurations
 * Level 0.6 Hexes


You had 4 spell levels left.
You knew the following spells:

 Your Spells              Type           Power      Damage    Failure   Level
a - Magic Dart            Conj           68%        1d6       3%          1

Your spell library contained the following spells:

 Spells                   Type           Power      Damage    Failure   Level
 Searing Ray              Conj           34%        2d5       4%          2
 Dazzling Flash           Conj/Hex       22%        N/A       19%         3
 Fulminant Prism          Conj/Hex       5%         3d7       52%         4
 Iskenderun's Mystic Bla  Conj/Tloc      9%         2d4       56%         4


Dungeon Overview and Level Annotations

Branches:
Dungeon (2/15)

Shops:
D:1 :


Innate Abilities, Weirdness & Mutations

Your attributes grow dramatically as you level up.
You have an increased reservoir of magic. (+10% MP)
You shall have no god before yourself.


Message History

You closely miss the jackal. The jackal misses you.
The adder barely misses you. The jackal barely misses you.
The adder bites you but does no damage.
You hit the jackal but do no damage. The adder closely misses you.
You closely miss the jackal. The jackal misses you.
The adder bites you but does no damage. The jackal barely misses you.
You closely miss the jackal.
You flicker for a moment.
The adder bites you.
You are poisoned.
The adder poisons you! The jackal barely misses you.
The adder bites you but does no damage.
You closely miss the jackal.
You feel sick. The adder closely misses you.
You hit the jackal but do no damage.
You feel sick. The adder bites you.
* * * LOW HITPOINT WARNING * * *
The jackal misses you.
You hit the jackal but do no damage.
You feel sick.
The adder hisses angrily.
The adder bites you but does no damage.
The jackal bites you but does no damage.
You completely miss the jackal.
You feel sick. The adder closely misses you. The jackal closely misses you.
The adder barely misses you. The jackal misses you.
You closely miss the jackal.
You flicker back into view.
You feel sick. The adder bites you but does no damage. The jackal bites you.
* * * LOW HITPOINT WARNING * * *
You closely miss the jackal.
You feel sick.
You are no longer poisoned.
The jackal closely misses you. The adder bites you but does no damage.
You hit the jackal.
The jackal is moderately wounded.
A bat comes into view.
The jackal bites you but does no damage.
The adder closely misses you. The jackal misses you.
The adder bites you but does no damage.
The bat moves out of view.
You hit the jackal but do no damage.
The jackal is moderately wounded.
The jackal bites you.
You die... #..#############.. ....rSShh@Sg.....# #..###########...# .

You could see 2 adders, 2 jackals, a goblin, a ball python and a rat.

Vanquished Creatures
  A dart slug (D:2)
  6 endoplasms (D:1)
  A giant cockroach (D:1)
  4 hobgoblins
  A jackal (D:2)
  3 kobolds (D:1)
  A quokka (D:1)
  3 ball pythons (D:1)
  2 bats (D:1)
  A frilled lizard (D:1)
  2 goblins (D:1)
  A rat (D:1)
26 creatures vanquished.

Notes
Turn   | Place    | Note
-------+----------+-------------------------------------------
     0 | D:1      | Dabor the Demigod Conjurer began the quest for the Orb.
     0 | D:1      | Reached XP level 1. HP: 14/14 MP: 5/5
   527 | D:1      | Found Irawuifi's Book Shop.
   608 | D:1      | Reached XP level 2. HP: 20/20 MP: 4/7
  1483 | D:2      | HP: 1/20 [poisoned by an adder]
  1485 | D:2      | Slain by a jackal

Illustrated notes

Levels and vault maps discovered:
D:1:      minmay_arrival_hallway, layout_basic, serial_shops,
          nicolae_shop_temple_entry_statues_fountains,
          hellmonk_ecumenical_altar_slurped_away, fountainhead
D:2:      layout_loops_ring, basic_altar

Skill      XL: |  1  2 |
---------------+-------+-----
Dodging        | 2 |  2.2
Stealth        | 2 |  2.1
Spellcasting   | 2 |  2.1
Conjurations   | |  3.8
Hexes          | |  0.6

Action                   || total
-------------------------++-------
Melee: Unarmed           ||    34
 Cast: Magic Dart        ||    54
  Use: Scroll            ||     4
       Potion            ||     4
 Stab: Invisible         ||     3
Armor: Robe              ||    38
Dodge: Dodged            ||    81

Table legend: (Time is in decaauts)
 A = Elapsed time spent in this place.
 B = Non-inter-level travel time spent in this place.
 C = Inter-level travel time spent in this place.
 D = Time resting spent in this place.
 E = Time spent auto-exploring this place.
 F = Levels seen in this place.
 G = Mean time per level.
                   A        B        C        D        E       F      G
               +--------+--------+--------+--------+--------+-----+--------+
         Total |   1484 |   1474 |     10 |    280 |   1027 |   2 |  742.0 |
       Dungeon |   1484 |   1474 |     10 |    280 |   1027 |   2 |  742.0 |
               +--------+--------+--------+--------+--------+-----+--------+

Top non-repeatable levels by time:
     D:1: 1424 daAuts
     D:2: 59 daAuts
